 Dungeon Crawl Stone Soup version 0.28.0-45-g0d030f2227 (webtiles) character file.

Game seed: 11011002939713036914

2263 101zpm the Frost Mage (level 9, -1/68 HPs)
             Began as a Black Draconian Ice Elementalist on Apr 17, 2022.
             Was an Initiate of Vehumet.
             Slain by an ogre
             ... wielding a +0 halberd
              (8 damage)
             ... in a bailey.
             The game lasted 00:44:40 (12168 turns).

101zpm the Frost Mage (DrIE)                       Turns: 12168, Time: 00:44:41

Health: -1/68      AC:  8    Str: 11    XL:     9   Next: 15%
Magic:  3/20       EV: 12    Int: 20    God:    Vehumet [......]
Gold:   289        SH:  0    Dex: 11    Spells: 12/22 levels left

rFire   + . .      SeeInvis .   J - staff of air
rCold   + . .      Faith    .   (no shield)
rNeg    . . .      Spirit   .   (armour unavailable)
rPois   .          Reflect  .   (helmet restricted)
rElec   +          Harm     .   G - scarf {rC+ rF+}
rCorr   +          Rampage  .   z - +0 pair of gloves
Will    +....                   (no boots)
Stlth   ++........              (no amulet)
HPRegen 0.21/turn               B - ring of willpower
MPRegen 0.17/turn               x - ring of resist corrosion

@: no status effects
A: breathe lightning, AC +7, unfitting armour, electricity resistance,
cold-blooded
a: Breathe Lightning, Renounce Religion


You were in a bailey.
You worshipped Vehumet.
Vehumet was noncommittal.
You visited 2 branches of the dungeon, and saw 9 of its levels.
You also visited: Bailey.

You collected 289 gold pieces.

Inventory:

Hand Weapons
 b - a +0 short sword
 q - a +0 glaive
 I - a +1 vampiric short sword
 K - a +2 dagger of speed
Missiles
 c - 217 stones
 d - a throwing net
 h - 57 sling bullets
 i - 109 arrows
 j - 25 bolts
 p - 15 poisoned darts
 u - a boomerang
Armour
 z - a +0 pair of gloves (worn)
 G - a scarf of resistance (worn)
Magical Staves
 J - a staff of air (weapon)
Jewellery
 x - a ring of resist corrosion (right hand)
 B - a ring of willpower (left hand)
 C - an amulet of faith
Wands
 D - a wand of digging (7)
Scrolls
 a - a scroll of teleportation
 k - 5 scrolls of fear
 m - 2 scrolls of immolation
 n - 2 scrolls of amnesia
 r - 2 scrolls of blinking
 s - a scroll of enchant weapon {unknown}
 y - 3 scrolls of enchant armour
Potions
 e - 2 potions of heal wounds {unknown}
 f - a potion of degeneration {unknown}
 g - a potion of mutation {unknown}
 l - a potion of invisibility {unknown}
 o - 3 potions of brilliance {unknown}
 t - 2 potions of flight {unknown}
 v - a potion of resistance {unknown}
 w - a potion of attraction {unknown}
 E - a potion of lignification {unknown}
 F - a potion of cancellation {unknown}
 H - 2 potions of might {unknown}


   Skills:
 + Level 2.3 Fighting
 + Level 3.0 Short Blades
 + Level 3.4 Dodging
 + Level 2.9 Stealth
 + Level 7.4 Spellcasting
 + Level 1.6 Conjurations
 + Level 8.1 Ice Magic
 + Level 0.1 Air Magic


You had 12 spell levels left.
You knew the following spells:

 Your Spells              Type           Power      Damage    Failure   Level
a - Freeze                Ice            100%       1d11      1%          1
b - Frozen Ramparts       Ice            80%        1d10      1%          3
c - Ozocubu's Armour      Ice            40%        N/A       1%          3
d - Magic Dart            Conj           56%        1d5       4%          1
e - Poisonous Vapours     Pois/Air       22%        N/A       13%         2

Your spell library contained the following spells:

 Spells                   Type           Power      Damage    Failure   Level
 Sandblast                Erth           14%        2d6       9%          1
 Sting                    Tmut/Pois      28%        1d4       9%          1
 Hailstorm                Conj/Ice       27%        3d7       12%         4
 Call Imp                 Summ           7%         N/A       14%         2
 Passwall                 Tmut/Erth      5%         N/A       14%         2
 Stone Arrow              Conj/Erth      20%        3d8       19%         3
 Mephitic Cloud           Conj/Pois/Air  14%        N/A       22%         3
 Animate Dead             Necr           3%         N/A       65%         4
 Olgreb's Toxic Radiance  Pois           7%         N/A       65%         4
 Borgnjor's Vile Clutch   Necr/Erth      3%         N/A       94%         5
 Death Channel            Necr           3%         N/A       100%        6


Dungeon Overview and Level Annotations

Branches:
Dungeon (8/15)             Temple (1/1) D:4          Bailey (1/1)
   Lair: D:8-11

Altars:
Ashenzari
Cheibriados
Dithmenos
Elyvilon
Fedhas
Gozag
Hepliaklqana
Kikubaaqudgha
Makhleb
Nemelex Xobeh
Okawaru
Qazlal
Ru
Sif Muna
Trog
Uskayaw
Vehumet
Wu Jian
Xom
Yredelemnul
Zin
The Shining One

Shops:
D:3 *([([

Annotations:
D:4 3 runed translucent doors, CryoSword's ghost, novice GrEE
D:5 Blork the orc
D:6 Prince Ribbit


Innate Abilities, Weirdness & Mutations

You can breathe wild blasts of lightning.
Your glossy black scales are hard. (AC +7)
You cannot fit into any form of body armour.
You are resistant to electric shocks. (rElec)
You are cold-blooded and may be slowed by cold attacks.


Message History

The ogre is poisoned.
The wall freezes the ogre.
The ogre barely misses you.
Unknown command.
Casting: Poisonous Vapours (safe; 13% risk of failure)
Confirm with . or Enter, or press ? or * to list all spells.
Aiming: Poisonous Vapours (safe; 13% risk of failure)
Press: ? - help, Dir - move target, f - ogre, p - ogre
Aim: an ogre, wielding a +0 glaive You feel a surge of power!
Poisonous vapours surround the ogre!
The ogre is poisoned.
The ogre looks more healthy.
The ogre hits you from afar with a +0 glaive.
The wall freezes the ogre.
The ogre hits you from afar with a +0 halberd.
Your icy armour and frozen ramparts will break if you move.
Continue?
Okay, then.
Casting: Poisonous Vapours (safe; 13% risk of failure)
Confirm with . or Enter, or press ? or * to list all spells.
Aiming: Magic Dart (safe; 4% risk of failure)
Press: ? - help, Shift-Dir - straight line, f/p - ogre
Aim: an ogre, wielding a +0 glaive (lightly wounded, poisoned, 100% to hit)
The magic dart hits the ogre.
The ogre is moderately wounded.
The frozen ramparts melt away.
The ogre hits you but does no damage. x2
Your icy armour will break if you move.
Continue?
Your icy armour cracks and falls away as you move.
You enter the shallow water.
Moving in this stuff is going to be slow.
The ogre closely misses you.
Your magical contamination has completely faded away.
The ogre misses you.
The ogre looks more healthy. x2
The ogre hits you from afar with a +0 halberd.
The ogre looks more healthy.
Casting: Magic Dart (safe; 4% risk of failure)
Confirm with . or Enter, or press ? or * to list all spells.
You don't have enough magic to cast this spell.
The ogre hits you from afar with a +0 glaive!!
* * * LOW HITPOINT WARNING * * *
The ogre barely misses you.
The ogre hits you from afar with a +0 halberd!
You die...

##≈≈≈≈≈##
#≈≈≈≈≈#
###≈≈≈≈≈###
##.........##
##...........##
#....∩.O.∩....#
##.....OOO...##
##.........##
###..@..###
#######


You could see 4 ogres.

Vanquished Creatures
  A wyvern (D:8)
  Menkaure (D:6)
  3 sky beasts
  2 orc warriors (D:7)
  A black bear (D:7)
  A necrophage (D:3)
  2 ogres
  A phantom (D:5)
  A bullfrog (D:7)
  A water moccasin zombie (D:5)
  2 scorpions (D:4)
  A wyvern skeleton (D:7)
  A water moccasin skeleton (D:4)
  2 howler monkeys
  A hound (D:5)
  A gnoll shaman (D:8)
  A jelly (D:5)
  5 orc priests
  2 centaur skeletons
  3 iguanas
  3 orc wizards
  10 gnolls
  3 adders
  3 shadow imps
  A white imp (D:7)
  3 dart slugs
  22 orcs
  6 endoplasms
  2 giant cockroaches
  7 hobgoblins
  5 jackals
  5 quokkas
  10 ball pythons
  4 bats
  6 frilled lizards
  8 goblins
  7 kobolds
  A quokka skeleton (D:4)
  6 rats
145 creatures vanquished.

Notes
Turn   | Place    | Note
-------+----------+-------------------------------------------
     0 | D:1      | 101zpm the Draconian Ice Elementalist began the quest for
                  | the Orb.
     0 | D:1      | Reached XP level 1. HP: 14/14 MP: 3/3
   252 | D:3      | Noticed an orc wizard
   252 | D:3      | Noticed an orc priest
  1043 | D:1      | Reached XP level 2. HP: 15/20 MP: 5/5
  1323 | D:1      | Found a faded altar of an unknown god.
  1918 | D:1      | Reached XP level 3. HP: 23/26 MP: 4/6
  1985 | D:1      | Learned a level 3 spell: Frozen Ramparts
  2800 | D:2      | Reached XP level 4. HP: 26/34 MP: 1/7
  3054 | D:2      | Reached skill level 5 in Ice Magic
  3411 | D:2      | Found a shimmering blue altar of Sif Muna.
  3869 | D:2      | Learned a level 3 spell: Ozocubu's Armour
  3995 | D:3      | Found Kixzius's General Store.
  4126 | D:3      | Found Iniw's Weapon Shoppe.
  4330 | D:3      | Found Gipnaudgh's Antique Armour Emporium.
  4444 | D:3      | Reached XP level 5. HP: 21/39 MP: 5/9
  4689 | D:3      | Noticed a necrophage
  4697 | D:3      | Killed a necrophage
  4698 | D:3      | Reached skill level 1 in Fighting
  4698 | D:3      | Reached skill level 1 in Short Blades
  5017 | D:3      | Found Diacwehu's Weapon Shoppe.
  5027 | D:3      | Reached XP level 6. HP: 32/47 MP: 4/11
  5253 | D:3      | Found Gapsesse's Antique Armour Shop.
  5612 | D:4      | Found a runed translucent gate.
  5613 | D:4      | Found a runed translucent gate.
  5853 | D:4      | Reached skill level 6 in Ice Magic
  5853 | D:4      | Your scales start taking on a glossy black colour.
  5853 | D:4      | Reached XP level 7. HP: 32/52 MP: 8/13
  5853 | D:4      | Gained mutation: You are resistant to electric shocks.
                  | (rElec) [Black Draconian growth]
  6009 | D:4      | Found a runed translucent gate.
  6111 | D:4      | Found a staircase to the Ecumenical Temple.
  6187 | D:4      | Noticed CryoSword's ghost (novice GrEE)
  6666 | D:5      | Entered Level 5 of the Dungeon
  6891 | D:5      | Found a stormy altar of Qazlal.
  7374 | D:5      | Noticed Blork the orc
  7456 | D:5      | Reached skill level 5 in Spellcasting
  8008 | D:6      | Noticed Prince Ribbit
  8384 | D:7      | Noticed Menkaure
  8462 | D:5      | Reached XP level 8. HP: 47/60 MP: 7/16
  8989 | Temple   | Entered the Ecumenical Temple
  9351 | Temple   | Became a worshipper of Vehumet
  9740 | D:6      | Reached skill level 7 in Ice Magic
  9929 | D:7      | Learned a level 1 spell: Magic Dart
  9947 | D:6      | Killed Menkaure
 11144 | D:7      | Reached skill level 1 in Conjurations
 11639 | D:8      | Reached skill level 8 in Ice Magic
 11721 | D:8      | Reached XP level 9. HP: 62/67 MP: 11/19
 11997 | D:8      | Found a flagged portal.
 12006 | Bailey   | Entered a bailey
 12151 | Bailey   | Learned a level 2 spell: Poisonous Vapours
 12168 | Bailey   | Slain by an ogre

Illustrated notes

Levels and vault maps discovered:
D:1:      dpeg_arrival_tiny_h, layout_basic, nicolae_ecumenical_snake_handling
D:2:      layout_basic, basic_altar
D:3:      layout_basic, serial_shops, shop_statue, nicolae_shop_hallway_plus,
          nicolae_shop_trees, nicolae_shop_advertising_works
          [nicolae_subvault_shop_adworks], nicolae_shop_trees,
          kennysheep_pointless_box
D:4:      layout_basic, minmay_temple_entry_statues_fountains,
          ebering_ghost_rock_garden, minmay_fountain_box,
          chequers_serial_rivers_small_3, minmay_misc_feat_chi
D:5:      layout_loops_ring, grunt_qazlal_clouds, uniq_blork_the_orc
D:6:      hellmonk_destroyed_diamonds, layout_rooms, uniq_prince_ribbit1
D:7:      layout_cave_pools, st_stairs_5, uniq_menkaure
D:8:      layout_rooms, enter_bailey_3, gammafunk_ghost_ooze
Temple:   compressed_dpeg_triangle_lava_temple
Bailey:   bailey_polearm_enchanted_keep_hellmonk, bailey

Skill      XL: |  1  2  3  4  5  6  7  8 |
---------------+-------------------------+-----
Dodging        | 2 3 |  3.4
Stealth        | 2 |  2.9
Ice Magic      | 5 6 8 |  8.1
Spellcasting   | 3 4 5 7 |  7.4
Fighting       | 1 2 |  2.3
Short Blades   | 1 2 3 |  3.0
Conjurations   | 1 |  1.6
Air Magic      | |  0.1

Action                   |  1- 3 |  4- 6 |  7- 9 || total
-------------------------+-------+-------+-------++-------
Melee: Unarmed           |    20 |       |       ||    20
       Short sword       |    94 |    96 |    88 ||   278
       Punch             |     2 |       |     1 ||     3
       Tailslap          |     8 |    13 |    15 ||    36
       Staff             |       |       |    13 ||    13
 Cast: Freeze            |    21 |    39 |    80 ||   140
       Frozen Ramparts   |     7 |     5 |    35 ||    47
       Ozocubu's Armour  |       |     2 |    19 ||    21
       Magic Dart        |       |       |    68 ||    68
       Poisonous Vapours |       |       |     5 ||     5
 Abil: Breathe Lightning |       |       |     1 ||     1
  Use: Scroll            |       |       |     6 ||     6
 Stab: Sleeping          |     2 |     1 |       ||     3
       Distracted        |     1 |       |       ||     1
Armor: Skin              |    61 |    34 |   104 ||   199
Dodge: Dodged            |    97 |    77 |   150 ||   324
